[Event "*** Titled Tuesday Blitz"]
[Site "Chess.com"]
[Date "2020.04.21"]
[Round "5"]
[White "Vincent_Vega95"]
[Black "Stormeman100100"]
[Result "1-0"]
[WhiteElo "2709"]
[BlackElo "2447"]
[TimeControl "180+1"]
[EndTime "10:57:22 PDT"]
[Termination "Vincent_Vega95 won on time"]

1. Nf3 c5 2. c4 Nc6 3. d4 cxd4 4.
Nxd4 f5 5. Nc3 g6 6. e4 fxe4 7. Nxc6 bxc6 8. h4 Bg7 9. h5 Qa5 10. Bd2 Qe5 11. Rh4 d5 12. cxd5 cxd5 13. Nb5 d4 14.
Rc1 Bb7 15. Nc7+ Kf8 16. Bf4 Qa5+ 17. Bd2 Qe5 18. Bc4 e3 19. Rf4+ Nf6 20. fxe3 dxe3 21. Ne6+ Kg8 22. Bc3 Qxh5 23. Qxh5 gxh5 24. Nd8+ Kf8 25.
Nxb7 Bh6 26. Rf3 Kg7 27. Nc5 h4 28. Ke2 Kg6 29. Rcf1 Nh5 30. Bd3+ Kg5 31. Rf4 Nxf4+ 32. Kxe3 Nxd3 33. Kxd3 Rhd8+ 34. Kc4 Rac8 35. b4 Kg6 36. a4 Be3 37. Re1 Bxc5 38. bxc5 Rd7 39. Re6+ Kf5 40. Rh6 Rg8 41. Rh5+ Kg4 42. Rxh7 Kg3 43. c6 Rc7 44. Be5+ Kxg2 45. Bxc7 Rc8 46. Rxe7 1-0

[Event "*** Titled Tuesday Blitz"]
[Site "Chess.com"]
[Date "2020.04.21"]
[Round "5"]
[White "Funkmaus"]
[Black "ahachess"]
[Result "0-1"]
[WhiteElo "2210"]
[BlackElo "2369"]
[TimeControl "180+1"]
[EndTime "10:57:22 PDT"]
[Termination "ahachess won on time"]

1. d4 Nf6 2. Nf3 g6 3. g3 Bg7 4.
Bg2 O-O 5. O-O d6 6. c3 Nbd7 7. Nbd2 e5 8. dxe5 Nxe5 9. Nxe5 dxe5 10. e4 c6 11. Qc2 Be6 12. b3 Qc7 13. a4 Rfd8 14.
Ba3 Bh6 15. Rad1 Rd7 16. Nf3 Rad8 17. Rxd7 Rxd7 18. c4 Ne8 19. Bb2 f6 20. c5 Qa5 21.
Ba3 Bf8 22. b4 Qd8 23. Re1 Rd3 24. Bb2 Bb3 25. Qe2 Bxa4 26. Bf1 Rd1 27. Qc4+ Kg7 28.
Rxd1 Qxd1 29. Nxe5 fxe5 30. Bxe5+ Nf6 31. Qe6 Qd8 32. g4 Qe7 33. Bxf6+ Qxf6 34. Qd7+ Qf7 35.
Qd4+ Qf6 36. e5 Qe7 37. Bc4 Bb5 38. e6+ Kg8 39. Bb3 Bg7 40. Qd7 Bf6 41. Qc8+ Kg7 0-1

[Event "*** Titled Tuesday Blitz"]
[Site "Chess.com"]
[Date "2020.04.21"]
[Round "5"]
[White "Kezin_Roman"]
[Black "ToivoK3"]
[Result "0-1"]
[WhiteElo "2737"]
[BlackElo "2905"]
[TimeControl "180+1"]
[EndTime "10:57:23 PDT"]
[Termination "ToivoK3 won by checkmate"]

1. d4 d5 2. c4 e6 3. Nf3 Nf6 4. g3 Be7 5. Bg2 O-O 6. O-O c6 7. Qc2 b6 8. Nbd2 Nbd7 9. e4 dxc4 10. Nxc4 Bb7 11. Rd1 c5 12. Nfe5 cxd4 13. Rxd4 Qc7 14.
Bf4 Nxe5 15. Bxe5 Qc6 16. Qe2 Rac8 17. Nd6 Bxd6 18. Rxd6 Qc5 19. Bxf6 gxf6 20. Rdd1 Rfd8 21. h4 Qe5 22. Rac1 Rxc1 23. Rxc1 f5 24. Re1 fxe4 25. Qg4+ Kh8 26. Re2 Rg8 27. Qh3 f5 28. Kh2 f4 29.
h5 Qf6 30. Re1 f3 31. Bf1 Qxb2 32. Kg1 Qf6 33. Qh2 Bd5 34. Re3 Qg5 35. Re1 Rc8 36. Re3 Rc1 37. Qh3 Bc4 38. Kh2 Rxf1 39. Rxe4 Qc1 40. Rxc4 Rh1# 0-1

[Event "*** Titled Tuesday Blitz"]
[Site "Chess.com"]
[Date "2020.04.21"]
[Round "5"]
[White "SketchyMoves"]
[Black "DejanNestor64"]
[Result "1-0"]
[WhiteElo "2679"]
[BlackElo "2408"]
[TimeControl "180+1"]
[EndTime "10:57:23 PDT"]
[Termination "SketchyMoves won on time"]

1. e4 c5 2. Nc3 e6 3. f4 Nc6 4. Bb5 Nge7 5. Nf3 a6 6. Bxc6 Nxc6 7. d3 d6 8. O-O Be7 9. Be3 O-O 10. Ne2 b5 11. a4 Bb7 12. Ng3 Qd7 13. f5 Bf6 14. c3 exf5 15. Nxf5 Rfe8 16. Bg5 Re6 17. Bxf6 Rxf6 18. Ne3 Re8 19. axb5 axb5 20. Nd5 Rg6 21. Qb3 Ne5 22. Nxe5 dxe5 23. Ne3 Bc6 24. Rf3 Rge6 25. Nf5 c4 26. Qd1 cxd3 27. Rxd3 Qc7 28. Ng3 g6 29.
Kh1 R6e7 30. Qd2 Rd7 31. Rd1 Red8 32. Qe3 Rxd3 33. Rxd3 Rxd3 34. Qxd3 Kg7 35. h3 Qe7 36. Kh2 Qf6 37. Qe3 h5 38. Ne2 h4 39. Ng1 Qd6 40. Nf3 Qe7 41. Kg1 f6 42. Nxh4 Qd7 43. Qg3 g5 44. Nf5+ Kg6 45. Qg4 Qd2 46. Ne7+ Kf7 47. Nxc6 1-0

[Event "*** Titled Tuesday Blitz"]
[Site "Chess.com"]
[Date "2020.04.21"]
[Round "5"]
[White "abhijeetgupta1016"]
[Black "Boorchess"]
[Result "1-0"]
[WhiteElo "2905"]
[BlackElo "2560"]
[TimeControl "180+1"]
[EndTime "10:57:23 PDT"]
[Termination "abhijeetgupta1016 won on time"]

1. d4 Nf6 2. c4 e6 3. Nf3 Bb4+ 4. Nbd2 O-O 5. a3 Be7 6. e4 d6 7.
Bd3 e5 8. d5 a5 9. Nf1 Nbd7 10.
Ng3 Nc5 11. Bc2 a4 12. h3 c6 13. Be3 cxd5 14. cxd5 b6 15. O-O Bd7 16. Qd2 Ne8 17.
Rac1 g6 18. Bh6 Ng7 19. Nh2 Bh4 20. Rcd1 Qe7 21. Nf3 Bf6 22. Ne2 Rfc8 23. Nc3 Qe8 24. Nh2 Nh5 25. Ng4 Bg7 26. Bg5 f6 27. Bh4 Qf8 28.
Ne3 Bh6 29. Qe1 Nf4 30. Bb1 Qg7 31. Kh2 Bg5 32. Bg3 Qe7 33. Kg1 h5 34. f3 Kg7 35.
h4 Bh6 36. Bh2 Rc7 37. g3 Nh3+ 38. Kg2 Qd8 39. f4 Bg4 40. Nxg4 hxg4 41. Qe2 Qd7 42. f5 gxf5 43. Rxf5 Nf4+ 44. gxf4 Kh7 45. Rf1 g3 46. Bxg3 Rg8 47. fxe5 dxe5 48. Rxf6 Qg7 49. Qf3 1-0

[Event "*** Titled Tuesday Blitz"]
[Site "Chess.com"]
[Date "2020.04.21"]
[Round "5"]
[White "Steven_Rojas"]
[Black "Szparu"]
[Result "1-0"]
[WhiteElo "2432"]
[BlackElo "2559"]
[TimeControl "180+1"]
[EndTime "10:57:23 PDT"]
[Termination "Steven_Rojas won by resignation"]

1. c4 c5 2. Nf3 Nf6 3. Nc3 d5 4. cxd5 Nxd5 5. e4 Nb4 6. d3 Bg4 7. a3 Bxf3 8. gxf3 N4c6 9. Be3 e6 10. Bg2 Nd4 11. O-O Nbc6 12. f4 Be7 13. Rc1 O-O 14. Kh1 Qd7 15. Rg1 Rfd8 16. Bf1 f5 17. Qh5 Bf8 18. Qh3 Rac8 19. Rd1 b5 20. Ne2 g6 21.
Nxd4 Nxd4 22. Bxd4 Qxd4 23. exf5 exf5 24. Qxf5 Bg7 25.
Qg4 Rf8 26. Bg2 Qxb2 27. Rge1 Qxf2 28. Re7 Qxf4 29. Qd7 Qd4 30. Bd5+ Kh8 31. Bg2 Rcd8 32. Qxa7 c4 33. Qxd4 Rxd4 34. Bc6 Rb8 35. Ree1 cxd3 36. Re8+ Rxe8 37. Bxe8 Rd5 38. Bc6 Rc5 39. Be4 Be5 40. Rxd3 Rc1+ 41. Rd1 Rc2 42. Bxc2 1-0

[Event "*** Titled Tuesday Blitz"]
[Site "Chess.com"]
[Date "2020.04.21"]
[Round "5"]
[White "Kimster98"]
[Black "KubaGepard"]
[Result "1-0"]
[WhiteElo "2553"]
[BlackElo "2376"]
[TimeControl "180+1"]
[EndTime "10:57:23 PDT"]
[Termination "Kimster98 won by resignation"]

1. d4 d5 2. c4 dxc4 3. Nf3 Nf6 4. e3 e6 5. Bxc4 c5 6. O-O a6 7.
b3 cxd4 8. Nxd4 Bd7 9. Bb2 Nc6 10. Nd2 Nxd4 11. Bxd4 Bc6 12. Be2 Bb4 13. Nc4 Nd7 14. Bf3 Bxf3 15. Qxf3 O-O 16. Qxb7 Bc5 17. Rfd1 Bxd4 18.
Rxd4 Nc5 19. Rxd8 Nxb7 20. Rxa8 Rxa8 21. Rd1 Rd8 22. Rxd8+ Nxd8 23. Kf1 Kf8 24. Ke2 Ke7 25. Kd3 f6 26. Kd4 Nb7 27. b4 Kd7 28. a4 Kc6 29. f4 h5 30. g3 g6 31. h3 Nd8 32.
g4 hxg4 33. hxg4 Nf7 34. e4 g5 35. fxg5 e5+ 36. Ke3 Nxg5 37. Nd2 Nf7 38. Nf3 Nd6 39. Kd3 Nc8 40. g5 fxg5 41. Nxe5+ Kc7 42. Kd4 Nb6 43. a5 Na4 44. Ng4 Nb2 45. e5 Kd7 46. Kd5 Nd3 47. Kc4 Nf4 48. b5 axb5+ 49. Kxb5 Kc7 50. Nf6 Ne6 51. a6 Nd8 52. Nd5+ Kb8 53. Kb6 g4 54. a7+ 1-0

[Event "*** Titled Tuesday Blitz"]
[Site "Chess.com"]
[Date "2020.04.21"]
[Round "5"]
[White "bancsoo"]
[Black "Firehand33"]
[Result "0-1"]
[WhiteElo "2730"]
[BlackElo "2645"]
[TimeControl "180+1"]
[EndTime "10:57:24 PDT"]
[Termination "Firehand33 won on time"]

1. Nf3 b6 2. g3 Bb7 3. Bg2 c5 4. O-O g6 5. c4 Bg7 6. Nc3 Nc6 7. e3 Nh6 8. d4 O-O 9. d5 Na5 10. Nd2 Nf5 11. Qc2 e6 12. Rb1 Rc8 13. b3 exd5 14. Nxd5 Ne7 15. Bb2 Nxd5 16. cxd5 d6 17. e4 Ba6 18.
Bxg7 Kxg7 19. Rfe1 Qf6 20. e5 dxe5 21. Ne4 Qd8 22. Qc3 f6 23. Rbd1 Nb7 24. d6 Qd7 25.
f4 Rce8 26. Nxf6 Rxf6 27. fxe5 Rfe6 28. Bh3 Nd8 29. Bxe6 Nxe6 30. h4 Bb7 31. Kh2 Nd4 32. Rxd4 cxd4 33. Qxd4 Qe6 34. Rc1 Rc8 35. Rc7+ Rxc7 36.
dxc7 Bc8 37. Kg1 Kf7 38. Qf4+ Qf5 39. Qc4+ Ke7 40. Qb4+ Kf7 41. Qd6 Qe6 42. Qd8 Bb7 43. Kf2 Qc6 44. Ke3 Qe4+ 0-1

[Event "*** Titled Tuesday Blitz"]
[Site "Chess.com"]
[Date "2020.04.21"]
[Round "5"]
[White "UCantHandleDenker"]
[Black "KuzubovYuriy"]
[Result "0-1"]
[WhiteElo "2524"]
[BlackElo "2749"]
[TimeControl "180+1"]
[EndTime "10:57:24 PDT"]
[Termination "KuzubovYuriy won by resignation"]

1. Nf3 d5 2. g3 Nd7 3. d4 Ngf6 4. Bg2 e6 5. O-O b5 6. a4 b4 7. c4 bxc3 8. Nxc3 Be7 9. a5 O-O 10. Bf4 Ba6 11. Re1 c6 12. Qc2 Rc8 13. e4 Ne8 14.
Qd2 Nd6 15. b3 Nxe4 16. Nxe4 dxe4 17. Rxe4 Nf6 18. Ree1 Nd5 19. Rec1 Bb4 20. Qd1 Nxf4 21. gxf4 Qf6 22. Ne5 Qxf4 23. Rxc6 Rxc6 24. Nxc6 Bd6 25. Qh5 Bb7 26. Ne7+ Bxe7 27. Bxb7 Qxd4 28. Ra4 Qc3 29.
Qf3 Qc1+ 30. Kg2 g6 31. a6 Rd8 32. Rc4 Qg5+ 33. Qg3 Qb5 34. Qf3 Qa5 35. Rf4 Rf8 36. Rc4 Kg7 37. Qe3 Rd8 38. Qf3 Bf6 39. Rf4 Qg5+ 40.
Rg4 Qe5 41. Rf4 h5 42. Re4 Qg5+ 43. Qg3 Qc5 44. Qf3 Rd4 45. Rf4 Qg5+ 46. Qg3 Rxf4 47. Qxg5 Bxg5 0-1

[Event "*** Titled Tuesday Blitz"]
[Site "Chess.com"]
[Date "2020.04.21"]
[Round "5"]
[White "grunbergmihai"]
[Black "m_ezat"]
[Result "0-1"]
[WhiteElo "2363"]
[BlackElo "2517"]
[TimeControl "180+1"]
[EndTime "10:57:24 PDT"]
[Termination "m_ezat won on time"]

1. Nf3 Nf6 2. c4 g6 3. g3 Bg7 4.
Bg2 O-O 5. O-O c5 6. Nc3 d5 7.
cxd5 Nxd5 8. d4 Nc6 9. Nxd5 Qxd5 10. Be3 Qh5 11. dxc5 Bxb2 12. Rb1 Bf6 13. Qa4 Rb8 14. h4 Bg4 15. Rfe1 Qf5 16. Nh2 Bxe2 17. g4 Qd3 18. Be4 Qa6 19. Qc2 Bb5 20. g5 Bg7 21. Ng4 Nd4 22.
Nh6+ Kh8 23. Bxd4 Bxd4 24. Qb3 Bc4 25. Qf3 f6 26. Bxb7 Qxa2 27. Qg3 fxg5 28. Ng4 Rf4 29. hxg5 Rbf8 30. Rf1 Bd5 31. Bxd5 Qxd5 32. Rbd1 Qxg5 33. Rxd4 Rxd4 34. f3 e5 35. Re1 e4 36. Kh2 exf3 37.
Re5 Rd2+ 38. Kh3 Rd5 0-1

[Event "*** Titled Tuesday Blitz"]
[Site "Chess.com"]
[Date "2020.04.21"]
[Round "5"]
[White "Sanan_Sjugirov"]
[Black "Caracternin123"]
[Result "0-1"]
[WhiteElo "2835"]
[BlackElo "2645"]
[TimeControl "180+1"]
[EndTime "10:57:25 PDT"]
[Termination "Caracternin123 won on time"]

1. e4 Nf6 2. e5 Nd5 3. d4 d6 4.
Nf3 g6 5. exd6 cxd6 6. c4 Nb6 7. Nc3 Bg7 8. Be2 O-O 9. O-O Nc6 10. Be3 Bg4 11.
b3 d5 12. c5 Nc8 13. h3 Bxf3 14. Bxf3 e6 15. Qd2 N8e7 16. g4 e5 17. Ne2 e4 18.
Bg2 f5 19. g5 f4 20. Nxf4 Qd7 21. Ne2 Nf5 22. f4 exf3 23. Rxf3 Nxe3 24. Rxe3 Qf5 25. Rf3 Qd7 26. Raf1 Rxf3 27. Rxf3 Re8 28. Re3 Rf8 29. b4 Kh8 30. b5 Ne7 31. Ng3 Nf5 32. Nxf5 Rxf5 33. Rc3 Qxb5 34. Rb3 Qd7 35. Qe3 Qf7 36. Kh1 Rf4 37. Rxb7 Qf8 38. Rd7 Bxd4 39. Qe2 Rf2 40. Qe1 Rxa2 41. Re7 Ra1 42. Re8 Qxe8 0-1

[Event "*** Titled Tuesday Blitz"]
[Site "Chess.com"]
[Date "2020.04.21"]
[Round "5"]
[White "kreonx"]
[Black "NZT72"]
[Result "1-0"]
[WhiteElo "2257"]
[BlackElo "2438"]
[TimeControl "180+1"]
[EndTime "10:57:25 PDT"]
[Termination "kreonx won on time"]

1. e4 e5 2. Nc3 Nf6 3. g3 Nc6 4.
Bg2 Bc5 5. Nge2 d6 6. O-O Be6 7. Na4 Bb6 8. Nxb6 axb6 9. d4 exd4 10. Nxd4 Nxd4 11. Qxd4 h6 12. c4 O-O 13. b3 Nd7 14.
Bb2 f6 15. a4 Nc5 16. Qc3 Qd7 17. Rfe1 Bh3 18. Bh1 Rfe8 19. Ba3 Be6 20. Re3 Qf7 21. Rae1 Bd7 22. f4 Bc6 23. Bxc5 bxc5 24. Bg2 Rad8 25. e5 Bxg2 26. e6 Qh5 27. Kxg2 f5 28. Qd3 Re7 29.
Qd5 c6 30. Qd3 Qg6 31. Re5 Qe8 32. R5e3 Qg6 33. h3 Qf6 34. Re5 g6 35. Rxc5 Rxe6 36. Rxe6 Qxe6 37. Re5 Qf7 38. Re3 d5 39. c5 d4 40. Re5 Qd7 41. g4 Rf8 42. h4 1-0

[Event "*** Titled Tuesday Blitz"]
[Site "Chess.com"]
[Date "2020.04.21"]
[Round "5"]
[White "Blagorod"]
[Black "GracefulYear"]
[Result "1/2-1/2"]
[WhiteElo "2125"]
[BlackElo "2530"]
[TimeControl "180+1"]
[EndTime "10:57:25 PDT"]
[Termination "Game drawn - insufficient material"]

1. e4 c6 2. d4 d5 3. exd5 cxd5 4. Bd3 Nf6 5. Nf3 Nc6 6. c3 Bg4 7. Qb3 Qc8 8. Nbd2 e6 9. h3 Bh5 10. O-O Bd6 11. Re1 O-O 12. Ne5 a6 13. Ndf3 Bg6 14.
Bxg6 hxg6 15. Qd1 Na5 16. Qd3 Nc4 17. Nxc4 dxc4 18. Qe2 Nd5 19. Ne5 b5 20. a4 Qd8 21.
axb5 axb5 22. Rxa8 Qxa8 23. Nxg6 Rd8 24. Ne5 Bxe5 25.
Qxe5 b4 26. cxb4 Nxb4 27. Qg3 Nd3 28. Rd1 Nxc1 29. Rxc1 Rxd4 30. Qe3 Qd5 31. Kh2 Qd6+ 32. g3 Qd5 33. Ra1 g6 34. Rc1 Kg7 35. h4 Rd2 36. Qc3+ e5 37. Rf1 Qd4 38. Qxd4 exd4 39. Rc1 Rxf2+ 40. Kg1 Rxb2 41. Rxc4 d3 42. Rd4 d2 43.
Kf1 Kf6 44. Ke2 Kf5 45. Rf4+ Ke6 46. Ra4 Kf6 47. Rf4+ Kg7 48. Rd4 Kh6 49. g4 Ra2 50. Rxd2 Rxd2+ 51. Kxd2 f5 52. gxf5 gxf5 53. Ke3 Kh5 54. Kf4 Kxh4 55. Kxf5 1/2-1/2

[Event "*** Titled Tuesday Blitz"]
[Site "Chess.com"]
[Date "2020.04.21"]
[Round "5"]
[White "poliplaza"]
[Black "SerGo055"]
[Result "0-1"]
[WhiteElo "2408"]
[BlackElo "2576"]
[TimeControl "180+1"]
[EndTime "10:57:26 PDT"]
[Termination "SerGo055 won by checkmate"]

1. d4 Nf6 2. c4 e6 3. Nc3 d5 4.
Nf3 c6 5. Bg5 Nbd7 6. cxd5 exd5 7. e3 Qa5 8. Bd3 Bb4 9. Qc2 O-O 10. O-O h6 11. Bh4 Re8 12. Ne2 Ne4 13. a3 Bd6 14. b4 Qc7 15. Bg3 f5 16. Rfc1 a6 17. Rab1 Ndf6 18.
a4 Nxg3 19. hxg3 Ne4 20. b5 axb5 21. axb5 Bd7 22. Nf4 Ra3 23. Nxd5 Qa5 24. Nf4 cxb5 25. Ne5 Bxe5 26. dxe5 Rxe5 27. Qd1 Bc6 28. Bc2 Qd2 29.
Bb3+ Rxb3 30. Rxb3 Qxf2+ 31. Kh1 Qxg3 32. Qe1 Qg4 33.
Rd3 Kh7 34. Kg1 b4 35. Qe2 Qg5 36. Rcd1 Nc3 37. Qd2 Nxd1 38. Qxd1 Be4 39. Rd7 Re7 40. Rd4 Qg3 41. Rxb4 g5 42. Ne2 Qxg2# 0-1

[Event "*** Titled Tuesday Blitz"]
[Site "Chess.com"]
[Date "2020.04.21"]
[Round "5"]
[White "MisiekZielony"]
[Black "AnastasiaProtopopova"]
[Result "1-0"]
[WhiteElo "2062"]
[BlackElo "2284"]
[TimeControl "180+1"]
[EndTime "10:57:26 PDT"]
[Termination "MisiekZielony won on time"]

1. c4 e5 2. Nc3 Nf6 3. Nf3 Nc6 4. e3 Bb4 5. Qc2 Bxc3 6. Qxc3 Qe7 7. d4 exd4 8. Nxd4 Nxd4 9. Qxd4 O-O 10. Be2 d6 11. O-O Re8 12. b3 a5 13. Bb2 a4 14.
Bf3 a3 15. Bc3 Qe5 16. Qd2 Qg5 17. Bxf6 Qxf6 18. Rac1 Re5 19. Qe2 Ra7 20. Rfd1 Bf5 21.
Qd2 b6 22. Qc3 h6 23. Rd5 Rxd5 24. Qxf6 gxf6 25. cxd5 Kf8 26. e4 Bd7 27. Kf1 f5 28.
Ke2 fxe4 29. Bxe4 Ke7 30. Kd2 Kd8 31. Rc3 Ra5 32. Rg3 Rc5 33. Rg7 Ke7 34. Rh7 Bc8 35. Rxh6 Bb7 36. Rh5 c6 37. Rh7 cxd5 38. Bg6 1-0

[Event "*** Titled Tuesday Blitz"]
[Site "Chess.com"]
[Date "2020.04.21"]
[Round "5"]
[White "Dynamikus"]
[Black "GMHess"]
[Result "1-0"]
[WhiteElo "2747"]
[BlackElo "2866"]
[TimeControl "180+1"]
[EndTime "10:57:27 PDT"]
[Termination "Dynamikus won on time"]

1. e4 g6 2. d4 Bg7 3. Nc3 d6 4. Be3 a6 5. h4 h6 6. f3 Nd7 7. Qd2 e6 8. O-O-O Ne7 9. Kb1 b5 10. g4 Bb7 11. Nh3 Nb6 12. Bd3 Nc4 13. Bxc4 bxc4 14.
Nf2 Qd7 15. Ka1 d5 16. e5 O-O-O 17. h5 c5 18. hxg6 cxd4 19. Bxd4 fxg6 20. f4 Nc6 21. Na4 Kb8 22. Nc5 Qc8 23. c3 Bf8 24. Na4 Nxd4 25. cxd4 Qc6 26. Nc3 Bb4 27. f5 gxf5 28. gxf5 exf5 29.
Nh3 Rdg8 30. Rdg1 Rg4 31. Nf2 Rg6 32. Nh3 Rhg8 33. Qf4 Rg4 34. Qxf5 Bc8 35. Qf3 Rxg1+ 36. Rxg1 Rxg1+ 37. Nxg1 Qg6 38. Nge2 Qc2 39. a3 Bxc3 40. Nxc3 Be6 41. Qf8+ Bc8 42. Qd6+ Ka7 43. Qc5+ Kb8 44.
Qd6+ Ka7 45. Qxd5 Qd3 46. Qc5+ Kb8 47. Qb6+ Bb7 48. e6 Qf1+ 49. Ka2 Qf6 50. d5 Qe7 51. d6 Qxe6 52. Qc7+ Ka8 53. d7 1-0

[Event "*** Titled Tuesday Blitz"]
[Site "Chess.com"]
[Date "2020.04.21"]
[Round "5"]
[White "AndrewMaco"]
[Black "YaWaleriy"]
[Result "0-1"]
[WhiteElo "2558"]
[BlackElo "2274"]
[TimeControl "180+1"]
[EndTime "10:57:27 PDT"]
[Termination "YaWaleriy won on time"]

1. e4 e6 2. d4 d5 3. Nc3 Nf6 4. e5 Nfd7 5. f4 c5 6. Nf3 Nc6 7. Be3 cxd4 8. Nxd4 Bc5 9. Qd2 O-O 10. O-O-O a6 11. Qf2 Bxd4 12. Bxd4 b5 13. Be3 b4 14. Na4 a5 15. h4 Ba6 16. h5 Qc7 17. h6 g6 18. g4 f6 19. exf6 Rxf6 20. Qe1 Bxf1 21. Rxf1 Rc8 22. Qe2 Rcf8 23. Kb1 e5 24. Qd3 d4 25. Qc4+ Kh8 26. Bc1 Qd6 27. fxe5 Ndxe5 28. Qe2 Rxf1 29. Rxf1 Rxf1 30. Qxf1 d3 31. Bg5 d2 32. Qd1 Nxg4 33. Bxd2 Kg8 34. Qe2 Nf6 35. b3 Nd5 36. Qc4 Qe6 37. Bc1 Nc3+ 38. Nxc3 Qxc4 39. bxc4 bxc3 40.
a3 Ne5 41. Ka2 Nxc4 42. Kb3 Ne5 43. Kxc3 Nf7 44. Kd4 g5 0-1

[Event "*** Titled Tuesday Blitz"]
[Site "Chess.com"]
[Date "2020.04.21"]
[Round "5"]
[White "AustrianFalcon"]
[Black "Evgeny81"]
[Result "1-0"]
[WhiteElo "2610"]
[BlackElo "2716"]
[TimeControl "180+1"]
[EndTime "10:57:28 PDT"]
[Termination "AustrianFalcon won by resignation"]

1. e4 e6 2. d4 d5 3. Nc3 Nf6 4. Bg5 Bb4 5. e5 h6 6. Be3 Ne4 7. Qg4 Kf8 8. a3 Bxc3+ 9. bxc3 c5 10. Bd3 Qa5 11. Ne2 cxd4 12. Bxd4 Nc6 13. O-O Bd7 14. Bxe4 dxe4 15. Qxe4 Qd5 16. Qe3 b6 17. Rfd1 Qc4 18. Bxb6 axb6 19. Rxd7 Ne7 20. Rad1 Re8 21. Ng3 Nd5 22.
Qf3 Re7 23. Rd8+ Re8 24. Rxe8+ Kxe8 25. Ne4 Ke7 26. Nd6 Qf4 27. Qxf4 Nxf4 28. Rb1 f6 29.
Rxb6 fxe5 30. Ne4 Ra8 31. Rb7+ Kf8 32. g3 Nd5 33. c4 Ne7 34. Nc5 Rxa3 35. Nxe6+ Kf7 36.
Nc7 Kg6 37. Nb5 Ra1+ 38. Kg2 Nf5 39. c5 Rc1 40. c3 e4 41. c6 Rc2 42. c7 Ne3+ 43.
Kh3 Rxf2 44. Rb6+ Kh7 45. c8=Q Nf1 46. Nd4 Rxh2+ 47. Kg4 Ne3+ 48. Kf4 Nd5+ 49. Kxe4 Nxb6 50. Qf5+ Kh8 51. Ne6 Re2+ 52. Kd3 1-0

[Event "*** Titled Tuesday Blitz"]
[Site "Chess.com"]
[Date "2020.04.21"]
[Round "5"]
[White "patzerplay"]
[Black "blobica"]
[Result "0-1"]
[WhiteElo "2355"]
[BlackElo "2536"]
[TimeControl "180+1"]
[EndTime "10:57:28 PDT"]
[Termination "blobica won by resignation"]

1. e4 c6 2. d4 d5 3. f3 e6 4. c3 c5 5. Be3 dxe4 6. dxc5 Qxd1+ 7. Kxd1 Nd7 8. Bb5 Nf6 9. Nd2 a6 10. Ba4 Be7 11. fxe4 O-O 12. b4 Ng4 13. Ke2 Nxe3 14. Kxe3 a5 15. a3 axb4 16. Bxd7 Bxd7 17. cxb4 b6 18.
Nb3 Ba4 19. Rb1 Bxb3 20. Rxb3 bxc5 21. Ne2 c4 22. Rc3 Bf6 23. Rxc4 Rxa3+ 24. Kf2 g6 25. Rb1 Be5 26. b5 Ra7 27. b6 Rb7 28. Rb5 f6 29. Nc1 Rfb8 30. Rc6 Rxb6 31. Rbxb6 Rxb6 32. Rxb6 Bd4+ 33. Kf3 Bxb6 34. Nd3 Bc7 35. g3 Kf7 36. Nc5 Ke7 37.
Na6 Bd6 38. Ke3 Kd7 39. Kd4 Kc6 40. Kc4 Kb6 41. Nb4 Bxb4 42. Kxb4 Kc6 43. Kc4 Kd6 44. Kd4 e5+ 45. Kd3 f5 46. Ke3 Kc5 47. h4 h5 48.
exf5 gxf5 49. Kd3 Kb4 50. Ke3 Kc3 51. Ke2 Kd4 52. Kf3 Kd3 53. Kf2 e4 54. Kg2 e3 55.
Kf3 e2 56. Kf4 0-1

[Event "*** Titled Tuesday Blitz"]
[Site "Chess.com"]
[Date "2020.04.21"]
[Round "5"]
[White "Kaua18"]
[Black "ChadBiryani"]
[Result "0-1"]
[WhiteElo "2208"]
[BlackElo "2367"]
[TimeControl "180+1"]
[EndTime "10:57:28 PDT"]
[Termination "ChadBiryani won on time"]

1. e4 d5 2. Nf3 dxe4 3. Ng5 Nf6 4. Nc3 e5 5. Bc4 Be6 6. Bxe6 fxe6 7. Nxe6 Qd7 8.
Nxf8 Rxf8 9. O-O Nc6 10. Re1 O-O-O 11. Nxe4 Qd4 12. c3 Qd3 13. Qe2 Qd5 14. f3 Nh5 15. Qe3 Nf4 16. b4 Nd3 17. Rf1 Qe6 18. b5 Ne7 19.
Ba3 Rf5 20. Qxa7 Nd5 21. Qa8+ Kd7 22. Qxb7 N5f4 23. Bc5 Ne2+ 24. Kh1 Rh5 25. Be3 Qf7 26. Qc6+ Kc8 27. Qa8+ Kd7 28. Qc6+ Ke7 29. Bg1 Kf8 30. b6 Rh6 31. Qxc7 Qe8 32. b7 Kg8 33. b8=Q Rxb8 34. Rab1 Rd8 35. Rb7 Rg6 36. g4 Kh8 37. Bc5 Rc8 38. Qd7 Nxc5 39. Nxc5 Qf8 40. Ne6 Qg8 0-1

[Event "*** Titled Tuesday Blitz"]
[Site "Chess.com"]
[Date "2020.04.21"]
[Round "5"]
[White "Darhild"]
[Black "Treacherous_horse64"]
[Result "1-0"]
[WhiteElo "2593"]
[BlackElo "2418"]
[TimeControl "180+1"]
[EndTime "10:57:29 PDT"]
[Termination "Darhild won on time"]

1. Nf3 d5 2. g3 Nf6 3. Bg2 e6 4. d4 b5 5. a4 b4 6. c4 bxc3 7.
Nxc3 c5 8. Ne5 Nbd7 9. Nxd7 Qxd7 10. Bf4 Bd6 11. Bxd6 Qxd6 12. Rc1 c4 13. Nb5 Qb4+ 14. Qd2 Qxd2+ 15. Kxd2 O-O 16. Rxc4 Ba6 17. Rc7 Bxb5 18.
axb5 Rfb8 19. Rhc1 Kf8 20. R1c5 Ne8 21. R7c6 Ke7 22. e4 dxe4 23. Bxe4 Rd8 24. Kc3 Rab8 25. Ra6 Rd7 26. Bc6 Rd6 27. Rxa7+ Kf6 28. f4 g6 29. Rd7 Rxd7 30. Bxd7 Nd6 31. Bc6 Ke7 32. Kb4 Nf5 33.
d5 Kd6 34. dxe6 fxe6 35. Rc3 Kc7 36. Be4+ Kd6 37. Rc6+ Kd7 38. Bxf5 gxf5 39. Kc5 Ra8 40. Ra6 Rb8 41. Ra7+ 1-0

[Event "*** Titled Tuesday Blitz"]
[Site "Chess.com"]
[Date "2020.04.21"]
[Round "5"]
[White "kasparicy"]
[Black "BursaBBSatranc"]
[Result "0-1"]
[WhiteElo "2337"]
[BlackElo "2509"]
[TimeControl "180+1"]
[EndTime "10:57:29 PDT"]
[Termination "BursaBBSatranc won on time"]

1. e4 e5 2. Nf3 Nf6 3. Nxe5 d6 4. Nf3 Nxe4 5. Nc3 Nxc3 6. dxc3 Be7 7. Be3 Nc6 8. Qd2 Be6 9. O-O-O Qd7 10. Kb1 Bf6 11. h4 h6 12. Bb5 a6 13. Ba4 b5 14. Bb3 Bxb3 15. cxb3 Qf5+ 16. Ka1 O-O 17. Nd4 Bxd4 18. Bxd4 Rfe8 19. g4 Qf3 20. g5 Re2 21. Qc1 h5 22. g6 f6 23. Rhg1 Rae8 24. Rg3 Qf5 25. Be3 Ne5 26. Rd2 Nd3 27. Qd1 Re1 28. Rxd3 Rxd1+ 29. Rxd1 Re4 30. Re1 Rg4 31. a3 Qxg6 32. Reg1 Qf5 33. Bd4 Kf7 34. Rxg4 hxg4 35. Be3 Qf3 36. c4 bxc4 37.
bxc4 Qe2 38. c5 d5 39. h5 f5 40. Rc1 Qd3 41. Bf4 c6 42. h6 gxh6 43. Bxh6 d4 44. Re1 Qc2 45. Re5 Qxf2 46. Bg5 d3 47. Re7+ Kg6 48. Be3 Qf1+ 49. Ka2 Qe2 0-1

[Event "*** Titled Tuesday Blitz"]
[Site "Chess.com"]
[Date "2020.04.21"]
[Round "5"]
[White "JoachimMouhamad"]
[Black "claudyna16"]
[Result "0-1"]
[WhiteElo "2367"]
[BlackElo "2521"]
[TimeControl "180+1"]
[EndTime "10:57:30 PDT"]
[Termination "claudyna16 won by checkmate"]

1. e4 e5 2. Nf3 Nc6 3. Bb5 a6 4. Ba4 d6 5. O-O Bd7 6. c3 g6 7. d4 Bg7 8. d5 Nce7 9. c4 h6 10.
Nc3 f5 11. exf5 gxf5 12. Bd2 Nf6 13. Nh4 O-O 14. Bc2 Qe8 15. Qe2 Qh5 16. Qxh5 Nxh5 17. f3 b5 18. cxb5 axb5 19. a3 Nf6 20. Bb3 Kh7 21.
Rac1 Rab8 22. Rfd1 b4 23. axb4 Rxb4 24. Bc2 Rxh4 25. Bd3 Nfxd5 26. Ne2 Ra4 27. Nc3 Nxc3 28. Rxc3 c5 29. Rb3 Bc6 30. Bb1 e4 31. Rb6 Bd4+ 32.
Kf1 e3 33. Be1 Kg7 34. Bd3 Raa8 35. Ke2 Rab8 36. Rxb8 Rxb8 37. Rb1 Rxb2+ 38. Rxb2 Bxb2 39. Kxe3 Bd4+ 40. Ke2 Kf6 41. h3 d5 42. g4 c4 43.
Bb1 Bb5 44. Kd1 fxg4 45. Bb4 gxh3 46. Ke2 h2 47. Bg6 Nxg6 48. Be1 Nf4+ 49. Kd2 h1=Q 50. Bh4+ Qxh4 51. Kc2 Qf2+ 52. Kb1 Qb2# 0-1

[Event "*** Titled Tuesday Blitz"]
[Site "Chess.com"]
[Date "2020.04.21"]
[Round "5"]
[White "northridgehawk"]
[Black "r31415"]
[Result "0-1"]
[WhiteElo "2220"]
[BlackElo "2373"]
[TimeControl "180+1"]
[EndTime "10:57:30 PDT"]
[Termination "r31415 won on time"]

1. e4 e5 2. Nf3 Nc6 3. Bb5 Nf6 4.
d3 Bc5 5. O-O Nd4 6. Nxe5 Nxb5 7. a4 Nd4 8. c3 Nc6 9. Ng4 O-O 10. d4 Be7 11. e5 Nxg4 12. Qxg4 d6 13. Qg3 dxe5 14.
dxe5 Bf5 15. Nd2 Qd3 16. Nf3 Bc5 17. Bg5 Qc4 18. b4 Be7 19. Bh6 Bg6 20. Be3 Qxc3 21. b5 Nb4 22. Rac1 Nc2 23. h4 h5 24. Bd4 Nxd4 25. Rxc3 Ne2+ 26. Kh2 Nxg3 27. fxg3 Rac8 28.
Rfc1 Bd8 29. Ng5 Bxg5 30. hxg5 Rfe8 31. Rxc7 Rxc7 32. Rxc7 Be4 33. g4 hxg4 34. Kg3 Rxe5 35. Kf4 Re6 36. Kxg4 Bxg2 37. a5 Kf8 38. Kf5 Be4+ 39.
Kf4 Bg2 40. Kf5 Bh3+ 41. Kf4 Re7 42. Rc8+ Bxc8 43. g6 fxg6 44. Kg5 Re5+ 45. Kxg6 Rxb5 0-1